 Dungeon Crawl Stone Soup version 0.30-a0-779-g7971cf19c3 (webtiles) character file.

Game seed: 16957387058776231876

15 Pimp the Stinger (level 2, -1/15 HPs)
             Began as a Deep Elf Venom Mage on Feb 17, 2023.
             Slain by an endoplasm (3 damage)
             ... on level 1 of the Dungeon.
             The game lasted 00:01:44 (308 turns).

Pimp the Stinger (Deep Elf Venom Mage)               Turns: 308, Time: 00:01:45

Health: -1/15      AC:  3    Str:  5    XL:     2   Next: 34%
Magic:  3/8        EV: 12    Int: 19    God:
Gold:   9          SH:  0    Dex: 15    Spells: 6/7 levels left

rFire   . . .      SeeInvis .    d - +0 short sword
rCold   . . .      Faith    .    (no shield)
rNeg    . . .      Spirit   .    a - +0 robe
rPois   .          Reflect  .    (no helmet)
rElec   .          Harm     .    (no cloak)
rCorr   .          Rampage  .    (no gloves)
Will    .....                    g - +0 pair of boots
Stlth   ++                       (no amulet)
HPRegen 0.22/turn                (no ring)
MPRegen 0.11/turn                (no ring)

@: mighty
A: no striking features
a: no special abilities


You were on level 1 of the Dungeon.
You visited 1 branch of the dungeon, and saw 1 of its levels.

You collected 9 gold pieces.

Inventory:

Hand Weapons
 d - a +0 short sword (weapon)
Armour
 a - a +0 robe (worn)
 g - a +0 pair of boots (worn)
Scrolls
 c - a scroll of teleportation
 e - a scroll of identify
 i - a scroll of amnesia {unknown}
Potions
 b - a potion of magic
 h - a potion of curing {unknown}


   Skills:
 + Level 2.5 Dodging
 + Level 2.6 Stealth
 + Level 3.0 Spellcasting
 + Level 1.1 Transmutations
 + Level 3.9 Poison Magic


You had 6 spell levels left.
You knew the following spells:

 Your Spells              Type           Power      Damage    Failure   Level
a - Sting                 Tmut/Pois      48%        1d5       5%          1

Your spell library contained the following spells:

 Spells                   Type           Power      Damage    Failure   Level
 Poisonous Vapours        Pois/Air       20%        N/A       11%         2
 Mephitic Cloud           Conj/Pois/Air  7%         N/A       26%         3
 Olgreb's Toxic Radiance  Pois           17%        N/A       30%         4


Dungeon Overview and Level Annotations

Branches:
Dungeon (1/15)

Altars:


Message History

The sting hits the endoplasm.
The endoplasm partially resists.
The endoplasm is lightly wounded.
The bat hits you but does no damage. x2
The endoplasm freezes you.
You are frozen.
Casting: Sting (safe; 5% risk of failure)
Confirm with . or Enter, or press ? or * to list all spells.
Aiming: Sting (safe; 5% risk of failure)
Press: ? - help, Shift-Dir - straight line, f/p - endoplasm
Aim: an endoplasm (lightly wounded, 98% to hit)
The sting hits the endoplasm.
The endoplasm partially resists.
The endoplasm is moderately wounded.
The bat closely misses you. The kobold barely misses you. The bat hits you.
The endoplasm hits you.
Casting: Sting (safe; 5% risk of failure)
Confirm with . or Enter, or press ? or * to list all spells.
Aiming: Sting (safe; 5% risk of failure)
Press: ? - help, Shift-Dir - straight line, f/p - endoplasm
Aim: an endoplasm (moderately wounded, 98% to hit)
The sting hits the endoplasm.
The endoplasm partially resists.
The endoplasm is heavily wounded.
The bat hits you. The bat hits you but does no damage. x2
The kobold hits you with a +0 dagger. The bat barely misses you.
The endoplasm misses you.
You closely miss the kobold. The bat hits you but does no damage.
The bat hits you. The bat closely misses you. The kobold completely misses you.
The endoplasm hits you but does no damage.
As you read the scroll labelled MIUJAMAU LEHU, it crumbles to dust.
It is a scroll of identify.
c - a scroll of teleportation The bat barely misses you.
The bat hits you. The kobold misses you. The endoplasm hits you.
* * * LOW HITPOINT WARNING * * *
It was a potion of might.
You feel very mighty all of a sudden. The bat completely misses you.
The bat hits you but does no damage. The kobold hits you with a +0 dagger.
* * * LOW HITPOINT WARNING * * *
The endoplasm hits you.
You die...

#.....####...# ##
#............. ###
#.###.....####...#
...
#.......######.##
#.###........l....##
#.#.####..######..#
#K## #..# #... #J#
#..# #... #@# #..#
#...
....b.b.K.......
.....
##.####.####...##
####.# ... #.. #.#
#####.. #.# #......
... #.##### #.. #.#
## #.####.


You could see an endoplasm, 2 bats and 2 kobolds.

Vanquished Creatures
  A dart slug (D:1)
  A bat (D:1)
  3 endoplasms (D:1)
  A hobgoblin (D:1)
  A quokka (D:1)
  A frilled lizard (D:1)
  2 kobolds (D:1)
  2 rats (D:1)
12 creatures vanquished.

Notes
Turn   | Place    | Note
-------+----------+-------------------------------------------
     0 | D:1      | Pimp the Deep Elf Venom Mage began the quest for the Orb.
     0 | D:1      | Reached XP level 1. HP: 10/10 MP: 6/6
    99 | D:1      | Reached XP level 2. HP: 5/15 MP: 4/8
   308 | D:1      | Slain by an endoplasm

Illustrated notes

Levels and vault maps discovered:
D:1:      co_arrival_random_square_maze, layout_loops_ring

Action                     || total
---------------------------++-------
  Melee: Unarmed           ||     6
         Short sword       ||     8
   Cast: Sting             ||    14
    Use: Scroll            ||     1
         Potion            ||     1
   Stab: Sleeping          ||     3
 Armour: Robe              ||    21
  Dodge: Dodged            ||    27

Table legend: (Time is in decaauts)
 A = Elapsed time spent in this place.
 B = Non-inter-level travel time spent in this place.
 C = Inter-level travel time spent in this place.
 D = Time resting spent in this place.
 E = Time spent auto-exploring this place.
 F = Levels seen in this place.
 G = Mean time per level.
                   A        B        C        D        E       F      G
               +--------+--------+--------+--------+--------+-----+--------+
         Total |    307 |    288 |     19 |     29 |    119 |   1 |  307.0 |
       Dungeon |    307 |    288 |     19 |     29 |    119 |   1 |  307.0 |
               +--------+--------+--------+--------+--------+-----+--------+

Top non-repeatable levels by time:
     D:1: 307 daAuts
